 Dungeon Crawl Stone Soup version 0.31-a0-965-g8a8ce12e04 (webtiles) character file.

Game seed: 17516219664895773542

303 Maxmaps the Ducker (level 6, -5/57 HPs)
             Began as an Octopode Shapeshifter on Oct 27, 2023.
             Slain by an ogre
             ... wielding a +0 giant spiked club
              (20 damage)
             ... on level 4 of the Dungeon.
             The game lasted 00:02:43 (3421 turns).

Maxmaps the Ducker (Octopode Shapeshifter)          Turns: 3421, Time: 00:02:43

Health: -5/57      AC: 23    Str: 13    XL:     6   Next: 38%
Magic:  6/6        EV:  2    Int: 21    God:
Gold:   108        SH:  0    Dex: 11    Spells: 5/5 levels left

rFire   . .          .
                       - Unarmed
rCold   . . .        (no shield)
rNeg    . . .        (helmet currently unavailable)
rPois   +            (no amulet)
rElec   .            f - +6 ring of intelligence
rCorr   .            (no ring)
SInv    .            (no ring)
Will    .....        (no ring)
Stlth   +            (no ring)
HPRegen 0.29/turn    (no ring)
MPRegen 0.10/turn    (no ring)
                     (no ring)

%: no passive effects
@: tree-form, studying Dodging
A: stationary, stasis, torment immunity, boosted hp, almost no armour,
(amphibious), 8 rings, (camouflage 1), (gelatinous body 1), (nimble swimmer 1),
(tentacles)
a: no special abilities


You were on level 4 of the Dungeon.
You were a tree.
You visited 1 branch of the dungeon, and saw 4 of its levels.

You collected 108 gold pieces.

Inventory:

Jewellery
 d - a ring of fire
 f - a +6 ring of intelligence (left branch)
Talismans
 b - a beast talisman
 c - a flux talisman
Scrolls
 e - 2 scrolls of fear {unknown}
 j - 2 scrolls of butterflies {unknown}
 m - 2 scrolls of amnesia {unknown}
 n - a scroll of identify {unknown}
 o - a scroll of brand weapon {unknown}
Potions
 g - a potion of magic {unknown}
 h - 3 potions of curing {unknown}
 i - a potion of mutation {unknown}
 k - a potion of heal wounds {unknown}
 l - a potion of degeneration {unknown}


   Skills:
 - Level 1.0 Fighting
 + Level 7.5 Dodging
 - Level 3.0 Unarmed Combat
 - Level 4.4 Shapeshifting


You had 5 spell levels left.
You didn't know any spells.
Your spell library was empty.

Dungeon Overview and Level Annotations

Branches:
Dungeon (4/15)
 Temple: D:4-7

Altars:


Innate Abilities, Weirdness & Mutations

You are a tree.
Your roots penetrate the ground, keeping you stationary.
You cannot be teleported.
You are immune to unholy pain and torment.
Your maximum health is greatly increased.
You cannot wear most types of armour.
((You are amphibious.))
You can wear up to eight rings at the same time.
((Your skin changes colour to match your surroundings (Stealth+).))
((Your rubbery body absorbs attacks. (AC +1, EV +1)))
((You are camouflaged when in or above water. (Stealth+)))
((You have tentacles for arms and can constrict up to eight enemies at once.))


Message History

You kill the goblin!
An orc comes into view. It is wielding a +0 dagger.
A goblin comes into view. It is wielding a +0 club.
There are monsters nearby!
You bludgeon the goblin!
You kill the goblin!
A goblin comes into view. It is wielding a +0 dagger.
You closely miss the goblin. Your grab misses the goblin.
Your squeeze misses the goblin. The goblin misses you.
You miss the goblin. You grab the goblin. You constrict the goblin.
An ogre comes into view. It is wielding a +0 giant spiked club.
The goblin struggles to escape constriction.
You tentacle-slap the goblin.
You kill the goblin!
The goblin hits you but does no damage.
You tentacle-slap the goblin.
You kill the goblin!
A goblin comes into view. It is wielding a +0 dagger.
The goblin closely misses you.
You barely miss the goblin.
The goblin shouts!
You grab the goblin. You squeeze the goblin.
You kill the goblin!
You hear a shout!
The orc hits you with a +0 dagger.
You tentacle-slap the ogre. Your squeeze misses the ogre.
The ogre is lightly wounded.
The ogre hits you with a +0 giant spiked club!!
Ouch! That really hurt!
* * * LOW HITPOINT WARNING * * *
The orc misses you.
A goblin comes into view. It is wielding a +0 club.
Your transformation has ended.
You turn into a tree.
Your roots penetrate the ground.
An endoplasm comes into view.
The orc hits you but does no damage.
You hit the ogre.
The ogre is lightly wounded.
The ogre hits you with a +0 giant spiked club!!
You die...

.......###### ##.##
..####.# #<..# ##.#
#>..# #..# #.###
#####.##### #.#
#.........# #.# #
#.#.#..##.#####.# .#
#.#.#..##.....†.##g##...
......(.........♣Og.....
#.#..#.##.......)o......
#.........#####...#####.
#.#..#..## #....
#.#..#..# #$..## #.#..#
# #...# #.####..# #...J
........# #....
#.......#


You could see an ogre, an orc, an endoplasm and 2 goblins.

Vanquished Creatures
  A howler monkey (D:4)
  Jessica (D:2)
  An iguana (D:3)
  Natasha (thrice) (D:2)
  3 adders
  A gnoll (D:1)
  2 worms
  4 dart slugs
  6 ball pythons
  4 bats
  10 endoplasms
  3 giant cockroaches (D:3)
  14 goblins
  7 hobgoblins
  4 jackals
  9 kobolds
  3 quokkas
  3 frilled lizards
  9 rats
88 creatures vanquished.

Notes
Turn   | Place    | Note
-------+----------+-------------------------------------------
     0 | D:1      | Maxmaps the Octopode Shapeshifter began the quest for the
                  | Orb.
     0 | D:1      | Reached XP level 1. HP: 13/13 MP: 1/1
   143 | D:1      | Reached XP level 2. HP: 17/18 MP: 2/2
   275 | D:1      | Reached XP level 3. HP: 23/23 MP: 3/3
   819 | D:2      | Identified a scroll of acquirement
   819 | D:2      | Acquired a manual of Dodging
   939 | D:2      | Reached XP level 4. HP: 21/28 MP: 4/4
  1020 | D:2      | Noticed Natasha
  1029 | D:2      | Killed Natasha
  1030 | D:2      | Reached skill level 3 in Dodging
  1159 | D:2      | Reached skill level 4 in Dodging
  1509 | D:2      | Noticed Natasha
  1523 | D:2      | Killed Natasha
  1524 | D:2      | Reached skill level 5 in Dodging
  1524 | D:2      | Reached XP level 5. HP: 14/33 MP: 5/5
  1751 | D:2      | Noticed Jessica
  1757 | D:2      | Killed Jessica
  2214 | D:2      | Noticed Natasha
  2218 | D:2      | Killed Natasha
  2219 | D:2      | Reached skill level 6 in Dodging
  2709 | D:3      | Reached XP level 6. HP: 37/38 MP: 6/6
  2936 | D:3      | Reached skill level 7 in Dodging
  3421 | D:4      | Slain by an ogre

Illustrated notes

Levels and vault maps discovered:
D:1:      matt_arrival_diagonals, layout_basic, corner_web_ring,
          corexii_corridor_pit
D:2:      layout_basic, uniq_jessica, uniq_natasha
D:3:      layout_basic, st_stairs_11
D:4:      layout_loops_cross, gammafunk_ghost_arena, minmay_ogre_servants

Skill      XL: |  1  2  3  4  5  6 |
---------------+-------------------+-----
Shapeshifting  | 4 |  4.4
Dodging        | 5 6 7 |  7.5
Fighting       | |  1.0
Unarmed Combat | |  3.0

Action                     |  1- 3 |  4- 6 || total
---------------------------+-------+-------++-------
  Melee: Unarmed           |    61 |   100 ||   161
         Constrict         |    13 |    29 ||    42
         Tentacles         |    14 |    24 ||    38
         Punch             |     4 |     5 ||     9
    Use: Scroll            |     2 |       ||     2
         Potion            |       |     1 ||     1
   Stab: Sleeping          |     6 |    10 ||    16
 Armour: Skin              |    18 |    34 ||    52
  Dodge: Dodged            |    40 |    39 ||    79

Table legend: (Time is in decaauts)
 A = Elapsed time spent in this place.
 B = Non-inter-level travel time spent in this place.
 C = Inter-level travel time spent in this place.
 D = Time resting spent in this place.
 E = Time spent auto-exploring this place.
 F = Levels seen in this place.
 G = Mean time per level.
                   A        B        C        D        E       F      G
               +--------+--------+--------+--------+--------+-----+--------+
         Total |   3410 |   3170 |    240 |    113 |   2619 |   4 |  852.5 |
       Dungeon |   3410 |   3170 |    240 |    113 |   2619 |   4 |  852.5 |
               +--------+--------+--------+--------+--------+-----+--------+

Top non-repeatable levels by time:
     D:2: 1420 daAuts
     D:3: 948 daAuts
     D:1: 811 daAuts
     D:4: 230 daAuts
